 Dungeon Crawl Stone Soup version 0.27.1-4-g1640c2035a (webtiles) character file.

Game seed: 15343138630756905225

97 Crownlay the Slasher (level 4, -3/38 HPs)
             Began as a Minotaur Gladiator on Nov 2, 2021.
             Succumbed to Jessica's poison
             ... on level 2 of the Dungeon.
             The game lasted 00:02:02 (2140 turns).

Crownlay the Slasher (Minotaur Gladiator)           Turns: 2140, Time: 00:02:03

Health: -3/38      AC:  6    Str: 18    XL:     4   Next: 42%
Magic:  3/3        EV: 10    Int:  5    God:
Gold:   98         SH:  0    Dex: 13    Spells: 3/3 levels left

rFire    . . .     SeeInvis .   a - +0 long sword
rCold    . . .     Faith    .   (no shield)
rNeg     . . .     Spirit   .   f - +0 scale mail
rPois    .         Reflect  .   c - +0 hat
rElec    .         Harm     .   (no cloak)
rCorr    .         Rampage  .   (no gloves)
Will     .....                  (no boots)
Stlth    ..........             g - amulet of the acrobat
HPRegen  0.12/turn              (no ring)
MPRegen  0.08/turn              (no ring)

@: lethally poisoned (-3 -> -21)
A: horns 2, retaliatory headbutt
a: no special abilities


You were on level 2 of the Dungeon.
You visited 1 branch of the dungeon, and saw 2 of its levels.

You collected 98 gold pieces.

Inventory:

Hand Weapons
 a - a +0 long sword (weapon)
Missiles
 d - 2 throwing nets (quivered)
Armour
 c - a +0 hat (worn)
 f - a +0 scale mail (worn)
Jewellery
 g - an amulet of the acrobat (around neck)
Scrolls
 b - 2 scrolls of identify {unknown}
 e - a scroll of fog {unknown}
 h - a scroll of immolation {unknown}


   Skills:
 + Level 3.4 Fighting
 * Level 5.8 Long Blades
 - Level 2.0 Throwing
 - Level 3.2 Dodging


You had 3 spell levels left.
You didn't know any spells.
Your spell library contained the following spells:

 Spells                   Type           Power      Damage    Failure   Level
 Pain                     Necr           0%         1d4       88%         1
 Agony                    Necr           0%         N/A       100%        5
 Excruciating Wounds      Necr           0%         N/A       100%        5


Dungeon Overview and Level Annotations

Branches:
Dungeon (2/15)

Altars:

Shops:
D:1 [

Annotations:
D:2 Jessica


Innate Abilities, Weirdness & Mutations

You have a pair of horns on your head.
You reflexively headbutt those who attack you in melee.


Message History

Jessica gestures at you while chanting. Pain shoots through your body!
You are too injured to fight recklessly!
You are too injured to fight recklessly!
You barely miss Jessica.
Jessica hits you with a +4 dagger of venom.
You are poisoned.
You hit Jessica.
Jessica is moderately wounded.
You feel very sick.
Jessica casts a spell.
Jessica blinks!
Throw: 3 throwing nets
Press: ? - help, Q - select action Shift-Dir - straight line, f - Jessica
Aim: Jessica, wielding a +4 dagger of venom and wearing a +0 robe (moderately wounded, 59% to hit)
You throw a throwing net. The throwing net hits Jessica.
Jessica is caught in the net!
Jessica is moderately wounded.
You feel sick. Jessica casts a spell at you.
You barely resist.
Jessica struggles against the net.
You feel sick.
You feel sick.
Jessica casts a spell.
Jessica blinks!
You feel sick.
You feel sick.
You feel sick.
You see here a throwing net.
You feel sick.
You are no longer poisoned.
Jessica completely misses you.
You closely miss Jessica.
Jessica is moderately wounded.
Jessica hits you with a +4 dagger of venom.
* * * LOW HITPOINT WARNING * * *
You are lethally poisoned!
You closely miss Jessica.
Jessica is moderately wounded.
You die...

###.........####.
..'.........'....
#.........####.
##.......## ##
######.....## # #
#.........## # ##.##
#.######.## # ......#(#
#.# # ......#@######.# #
.......@....##.## #
.....##.###.#...########
.... #.#.............##
### #.#.###..(#...#.##
#...# #...........
###.###.#.#...#.##
#..†..........#
###############


You could see Jessica.

Vanquished Creatures
  3 adders (D:2)
  3 worms (D:2)
  6 dart slugs
  3 endoplasms
  2 giant cockroaches (D:1)
  4 goblins (D:1)
  7 hobgoblins
  2 jackals (D:2)
  3 quokkas (D:1)
  A ball python (D:1)
  5 bats
  3 frilled lizards
  2 kobolds
  5 rats
49 creatures vanquished.

Vanquished Creatures (others)
  A ball python (D:1)
1 creature vanquished.

Grand Total: 50 creatures vanquished

Notes
Turn   | Place    | Note
-------+----------+-------------------------------------------
     0 | D:1      | Crownlay the Minotaur Gladiator began the quest for the
                  | Orb.
     0 | D:1      | Reached XP level 1. HP: 18/18 MP: 0/0
   121 | D:1      | Reached skill level 4 in Long Blades
   226 | D:1      | Reached XP level 2. HP: 25/25 MP: 1/1
   637 | D:1      | Reached XP level 3. HP: 27/30 MP: 2/2
   732 | D:1      | Reached skill level 5 in Long Blades
   808 | D:1      | Found Nofuf's Armour Shop.
  1082 | D:1      | Found a faded altar of an unknown god.
  1325 | D:2      | Reached XP level 4. HP: 38/38 MP: 3/3
  2127 | D:2      | Noticed Jessica
  2140 | D:2      | Succumbed to Jessica's poison

Illustrated notes

Levels and vault maps discovered:
D:1:      pf_arrival_petrified_forest, layout_basic,
          ebering_ecumenical_altar_hall, serial_shops,
          nicolae_shop_competitors_out_of_business,
          corexii_item_surrounded_by_moat
D:2:      layout_loops_corners, uniq_jessica

Skill      XL: |  1  2  3 |
---------------+----------+-----
Long Blades    | 4 5 |  5.8
Fighting       | 3 |  3.4
Throwing       | |  2.0
Dodging        | |  3.2

Action                   |  1- 3 |  4- 6 || total
-------------------------+-------+-------++-------
Melee: Long sword        |    51 |    34 ||    85
       Headbutt          |    11 |     7 ||    18
Throw: Throwing net      |       |     1 ||     1
Armor: Leather armour    |     4 |       ||     4
       Scale mail        |    20 |     6 ||    26
Dodge: Dodged            |    35 |    13 ||    48
       Rpst.: Long sword |     9 |     1 ||    10
